 Dungeon Crawl Stone Soup version 0.23.1-44-gbd83930989 (webtiles) character file.

Game seed: 6645066200531634934

3854 Marnok the Cruncher (level 9, 0/71 HPs)
             Began as a Demonspawn Gladiator on Mar 31, 2019.
             Succumbed to a killer bee's poison
             ... on level 9 of the Dungeon.
             The game lasted 00:31:05 (7090 turns).

Marnok the Cruncher (Demonspawn Gladiator)          Turns: 7090, Time: 00:31:05

Health: 0/71       AC:  4    Str: 20    XL:     9   Next: 99%
Magic:  4/9        EV: 15    Int: 10    God:
Gold:   191        SH:  0    Dex: 15    Spells: 8/8 levels left

rFire    . . .     SeeInvis +   L - +9 long sword of Valiance {flame, Str+5}
rCold    . . .     Gourm    .   (no shield)
rNeg     . . .     Faith    .   b - +0 leather armour
rPois    .         Spirit   +   h - +0 helmet
rElec    +         Reflect  .   l - scarf {repulsion}
rCorr    .         Harm     .   (gloves unavailable)
MR       .....                  (no boots)
Stlth    ++........             (no amulet)
HPRegen  0.21/turn              w - ring of see invisible
MPRegen  0.22/turn              (no ring)

@: lethally poisoned (0 -> -12), repel missiles
A: claws 3, talons 1, electricity resistance, weak 1, magic shield, magic
regeneration, sturdy frame 1
a: no special abilities


You were on level 9 of the Dungeon.
You were not hungry.

You visited 1 branch of the dungeon, and saw 9 of its levels.
You also visited: Ossuary.

You collected 308 gold pieces.
You spent 117 gold pieces at shops.

Inventory:

Hand Weapons
 a - a +1 quarterstaff
 g - a +3 short sword of venom
 i - a +1 mace of crushing
 k - a +3 quarterstaff of chaos
 s - a cursed +0 dagger
 E - a +1 antimagic flail
 L - the +9 long sword of Valiance (weapon) {flame, Str+5}
   (You found it on level 7 of the Dungeon)

   It has been specially enchanted to burn those struck by it, causing extra
   injury to most foes and up to half again as much damage against particularly
   susceptible opponents.
   Big, fiery blades are also staple armaments of hydra-hunters.
   It affects your strength (+5).
Missiles
 d - 6 throwing nets (quivered)
Armour
 b - a +0 leather armour (worn)
 c - the +0 cloak of the Several People {rElec}
   (You acquired it on level 4 of the Dungeon)

   It insulates you from electricity.
 f - a +3 scale mail
 h - a +0 helmet (worn)
 l - a scarf of repulsion (worn)
 t - a +0 robe of the Archmagi
 v - a +1 robe of resistance
Jewellery
 n - an uncursed ring of fire {unknown}
 w - a ring of see invisible (left claw)
 x - an uncursed amulet of the gourmand
 A - an uncursed ring of resist corrosion
Wands
 u - a wand of random effects (18)
 H - a wand of paralysis (8)
Scrolls
 y - a scroll of teleportation
 B - a scroll of remove curse {unknown}
 F - a scroll of immolation {unknown}
 G - 2 scrolls of enchant weapon
Potions
 m - 3 potions of agility
 o - a potion of ambrosia
 q - 2 potions of brilliance
 r - a potion of might
 z - 2 potions of resistance
Comestibles
 p - a chunk of flesh
 J - 4 rations


   Skills:
 + Level 6.8 Fighting
 + Level 4.8 Long Blades
 + Level 1.0(5.4) Maces & Flails
 + Level 8.5 Staves
 + Level 1.8 Throwing
 + Level 3.1 Armour
 + Level 5.8 Dodging
 + Level 2.5 Stealth


You had 8 spell levels left.
You didn't know any spells.
Your spell library contained the following spells:

 Spells                   Type           Power        Failure   Level  Hunger
 Sandblast                Erth           #.....       36%         1    ##.....
 Summon Small Mammal      Summ           #...         36%         1    ##.....
 Call Imp                 Summ           #.......     52%         2    ###....
 Passwall                 Tmut/Erth      #.......     52%         2    ###....
 Call Canine Familiar     Summ           #.......     75%         3    ####...
 Stone Arrow              Conj/Erth      #.....       75%         3    ####...
 Summon Guardian Golem    Hex/Summ       #.......     75%         3    ####...
 Petrify                  Tmut/Erth      #.......     98%         4    #####..
 Summon Ice Beast         Ice/Summ       #.......     98%         4    #####..
 Summon Lightning Spire   Summ/Air       #.......     98%         4    #####..
 Lee's Rapid Deconstruct  Erth           #.........   100%        5    ######.


Dungeon Overview and Level Annotations

Branches:
Dungeon (9/15)             Temple (0/1) D:7
   Lair: D:8-11         Orc: D:9-12

Altars:
Ashenzari

Shops:
D:4 *%:![

Annotations:
D:8 Grum


Innate Abilities, Weirdness & Mutations

You have claws for hands.
When hurt, damage is shared between your health and your magic reserves.
You regenerate magic rapidly.
Your movements are slightly less encumbered by armour. (ER -2)
You have sharp toenails.
You are resistant to electric shocks. (rElec)
You are weak. (Str -2)


Message History

As you read the scroll of teleportation, it crumbles to dust.
You feel strangely unstable.
* * * LOW HITPOINT WARNING * * *
You feel sick.
The killer bee stings you but does no damage.
A goblin comes into view. It is wielding a +0 spear.
The centaur wields a +0 shortbow.
The centaur shoots an arrow.
The arrow is repelled.
The killer bee misses you.
You hear a shout!
* * * LOW HITPOINT WARNING * * *
You feel sick.
Found a potion of heal wounds.
Unknown command.
* * * LOW HITPOINT WARNING * * *
You feel sick. The killer bee barely misses you.
* * * LOW HITPOINT WARNING * * *
You feel sick. The killer bee closely misses you.
Found a scroll of enchant weapon.
Your surroundings suddenly seem different.
You die...

,,,,*.?#!.##...#..##
*,,,,.....*#.....#.####
,,,,,..............##.##
,,,*,.##,...####....#))#
,,**,,,,....##......!..#
,,,**,,,...............#
,,,**,,,,..........>...#
,,,***,,,.............##
,,***,,##.......@....##
,,,**,,.........(...##
,,,*,,,,...#....##.##
,,,,,,,,##.....###.##
,,,,,,*,,......*#KK.#
,,,,,****#.#..####..#
,,,,,,,**.,#.....oK.##
,,,,,,,*##.##.o.o....#
,,,,,*,,#...o<......##


There were no monsters in sight!

Vanquished Creatures
  Harold (D:7)
  Prince Ribbit (D:7)
  A hippogriff (D:7)
  A spriggan (D:7)
  Sigmund (D:3)
  Menkaure (Ossuary)
  An ice beast (D:6)
  An orc warrior (D:9)
  A sky beast (D:7)
  A black bear (D:7)
  A necrophage (D:8)
  3 ogres
  2 wolves (D:8)
  A big kobold (D:9)
  Blork the orc (D:4)
  3 bullfrogs
  2 water moccasin skeletons
  3 killer bees (D:9)
  2 centaur zombies
  3 crimson imps
  4 orc priests
  3 hounds
  Crazy Yiuf (D:2)
  A centaur skeleton (D:9)
  An iguana (D:4)
  A bullfrog skeleton (D:5)
  4 orc wizards
  3 worker ants
  2 hound skeletons
  3 mummies (Ossuary)
  Robin (D:2)
  A howler monkey skeleton (D:6)
  4 adders
  A shadow imp (D:5)
  An ooze (D:5)
  An adder zombie (D:9)
  A dart slug (D:2)
  3 leopard geckos
  21 orcs
  3 giant cockroaches
  5 gnoll zombies (Ossuary)
  12 goblins
  10 hobgoblins
  2 jackals (D:1)
  14 kobolds
  2 quokkas
  2 ball pythons (D:1)
  3 bats
  4 frilled lizards (D:1)
  2 gnoll skeletons (Ossuary)
  3 goblin skeletons (Ossuary)
  A goblin zombie (Ossuary)
  3 hobgoblin skeletons (Ossuary)
  3 hobgoblin zombies (Ossuary)
  A jackal skeleton (D:5)
  4 kobold skeletons (Ossuary)
  4 kobold zombies (Ossuary)
  A leopard gecko zombie (D:6)
  7 orc skeletons (Ossuary)
  7 orc zombies (Ossuary)
  A quokka skeleton (D:3)
  8 rats
  6 rat skeletons (Ossuary)
  5 rat zombies (Ossuary)
201 creatures vanquished.

Notes
Turn   | Place    | Note
-------+----------+-------------------------------------------
     0 | D:1      | Marnok the Demonspawn Gladiator began the quest for the
                  | Orb.
     0 | D:1      | Reached XP level 1. HP: 16/16 MP: 1/1
    82 | D:1      | Reached skill level 3 in Staves
   126 | D:2      | Noticed a hound
   170 | D:1      | Gained mutation: You have sharp fingernails. [demonic
                  | ancestry]
   170 | D:1      | Reached XP level 2. HP: 21/22 MP: 2/2
   334 | D:2      | Noticed Robin
   822 | D:2      | Gained mutation: When hurt, damage is shared between your
                  | health and your magic reserves. [demonic ancestry]
   822 | D:2      | Reached XP level 3. HP: 28/28 MP: 3/3
   840 | D:2      | Gained mutation: You regenerate magic rapidly. [demonic
                  | ancestry]
   840 | D:2      | Reached XP level 4. HP: 30/34 MP: 4/4
  1247 | D:2      | Reached skill level 1 in Armour
  1292 | D:2      | Killed Robin
  1662 | D:2      | Found a runed translucent door.
  1663 | D:2      | Noticed Crazy Yiuf
  1671 | D:2      | Killed Crazy Yiuf
  1671 | D:2      | Gained mutation: You have very sharp fingernails. [demonic
                  | ancestry]
  1671 | D:2      | Reached XP level 5. HP: 30/40 MP: 3/5
  1811 | D:4      | Gained mutation: You are weak. (Str -2) [potion of
                  | mutation]
  1811 | D:4      | Gained mutation: You have sharp toenails. [potion of
                  | mutation]
  1811 | D:4      | Gained mutation: You are resistant to electric shocks.
                  | (rElec) [potion of mutation]
  1874 | D:4      | Found Togohyre's Antique Armour Shoppe.
  1874 | D:4      | Found Isus's Distillery.
  1875 | D:4      | Found Coqifuag's Book Shoppe.
  1875 | D:4      | Found Plog's Food Shoppe.
  1888 | D:4      | Reached skill level 1 in Maces & Flails
  1888 | D:4      | Reached skill level 4 in Staves
  1897 | D:4      | Found a sand-covered staircase.
  1906 | Ossuary  | Entered an ossuary
  2169 | Ossuary  | Noticed Menkaure
  2182 | Ossuary  | Killed Menkaure
  2182 | Ossuary  | Reached XP level 6. HP: 21/47 MP: 2/6
  2448 | D:4      | Identified a scroll of acquirement
  2454 | D:4      | Reached skill level 5 in Staves
  2456 | D:4      | Got a twisted cloak
  2467 | D:4      | Identified the +0 cloak of the Several People {rElec} (You
                  | acquired it on level 4 of the Dungeon)
  2490 | D:5      | Entered Level 5 of the Dungeon
  2511 | D:4      | Bought a potion of might for 52 gold pieces
  2511 | D:4      | Bought a potion of heal wounds for 65 gold pieces
  2524 | D:4      | Noticed Blork the orc
  2533 | D:4      | Killed Blork the orc
  2615 | D:4      | Found Duyjin's Desiderata Depot.
  2675 | D:3      | Noticed Sigmund
  2690 | D:3      | Killed Sigmund
  2690 | D:3      | Gained mutation: You have claws for hands. [demonic
                  | ancestry]
  2690 | D:3      | Reached XP level 7. HP: 27/53 MP: 2/7
  3000 | D:3      | Found a faded altar of an unknown god.
  3911 | D:5      | Reached skill level 6 in Staves
  4122 | D:5      | Reached skill level 1 in Stealth
  4587 | D:6      | Gained mutation: Your movements are slightly less
                  | encumbered by armour. (ER -2) [demonic ancestry]
  4587 | D:6      | Reached XP level 8. HP: 33/61 MP: 6/8
  5306 | D:7      | Reached skill level 7 in Staves
  5605 | D:7      | Got an ancient long sword
  5618 | D:7      | Identified the +9 long sword of Valiance {flame, Str+5}
                  | (You found it on level 7 of the Dungeon)
  5673 | D:7      | Noticed a hippogriff
  5681 | D:7      | Killed a hippogriff
  5681 | D:7      | Reached skill level 5 in Fighting
  5976 | D:7      | Noticed Prince Ribbit
  5988 | D:7      | Killed Prince Ribbit
  5988 | D:7      | Reached skill level 1 in Long Blades
  5988 | D:7      | Reached skill level 8 in Staves
  5988 | D:7      | Reached XP level 9. HP: 40/68 MP: 5/9
  6159 | D:7      | Reached skill level 5 in Dodging
  6242 | D:7      | Found a staircase to the Ecumenical Temple.
  6307 | D:7      | Noticed Harold
  6329 | D:7      | Killed Harold
  6542 | D:7      | Found a shattered altar of Ashenzari.
  6624 | D:8      | Noticed Grum
  7088 | D:9      | HP: 3/71 [poisoned by a killer bee]
  7089 | D:9      | HP: 1/71 [poisoned by a killer bee]
  7090 | D:9      | Succumbed to a killer bee's poison

Skill      XL: |  1  2  3  4  5  6  7  8  9 |
---------------+----------------------------+-----
Staves         | 3 4 5 6 8 |  8.5
Dodging        | 3 4 5 |  5.8
Armour         | 1 2 3 |  3.1
Maces & Flails | 1 |  1.0
Fighting       | 3 4 5 6 |  6.8
Stealth        | 1 2 |  2.5
Long Blades    | 1 4 |  4.8
Throwing       | |  1.8

Action                   |  1- 3 |  4- 6 |  7- 9 || total
-------------------------+-------+-------+-------++-------
Melee: Quarterstaff      |    82 |   162 |   147 ||   391
       Mace              |       |    36 |       ||    36
       Kick              |       |    24 |    68 ||    92
       Long sword        |       |       |    76 ||    76
  Use: Potion            |     2 |     5 |     8 ||    15
       Scroll            |       |    11 |    13 ||    24
 Stab: Confused          |       |     2 |       ||     2
       Sleeping          |       |     1 |       ||     1
       Paralysed         |       |       |     2 ||     2
       Petrified         |       |       |     1 ||     1
  Eat: Chunk             |       |     3 |     5 ||     8
       Ration            |       |     1 |     3 ||     4
Armor: Leather armour    |    19 |    45 |    48 ||   112
Dodge: Dodged            |    70 |   146 |   195 ||   411
       Deflected         |       |     5 |     2 ||     7
       Rpst.: Long sword |       |       |    31 ||    31
